 Dungeon Crawl Stone Soup version 0.26-a0-652-gafc20e3620 (webtiles) character file.

Game seed: 16717438231972394407

118 smeego the Skirmisher (level 5, -28/36 HPs)
             Began as an Octopode Fighter on Oct 3, 2020.
             Killed from afar by an orc wizard (47 damage)
             ... with an exploding inner flame
             ... hexed by the player character
             ... on level 4 of the Dungeon.
             The game lasted 00:02:08 (1648 turns).

smeego the Skirmisher (Octopode Fighter)            Turns: 1648, Time: 00:02:09

Health: -28/36     AC:  3    Str: 18    XL:     5   Next: 2%
Magic:  5/5        EV: 11    Int: 11    God:
Gold:   173        SH:  9    Dex: 11    Spells: 4/4 levels left

rFire    . . .     SeeInvis .   a - +0 long sword
rCold    + . .     Faith    .   b - +0 kite shield
rNeg     . . .     Spirit   .   (helmet restricted)
rPois    .         Reflect  .   (no amulet)
rElec    .         Harm     .   m - ring of protection from cold
rCorr    .         Rampage  .   (no ring)
MR       .....     Clarity  +   (no ring)
Stlth    +++.......             (no ring)
HPRegen  0.12/turn              (no ring)
MPRegen  0.09/turn              (no ring)
                                (no ring)
                                (no ring)

@: mighty
A: almost no armour, stealthy swim, amphibious, 8 rings, constrict 8, iridescent
scales 1, camouflage 1, clarity, strong 1, gelatinous body 1, subdued magic 1
a: no special abilities


You were on level 4 of the Dungeon.
You visited 1 branch of the dungeon, and saw 3 of its levels.

You collected 173 gold pieces.

Inventory:

Hand Weapons
 a - a +0 long sword (weapon)
Armour
 b - a +0 kite shield (worn)
Jewellery
 m - a ring of protection from cold (left tentacle)
 o - an uncursed ring of fire
Scrolls
 i - a scroll of random uselessness {unknown}
 k - a scroll of enchant armour {unknown}
 l - a scroll of remove curse {unknown}
 n - a scroll of fog {unknown}
 p - a scroll of blinking {unknown}
Potions
 j - a potion of cancellation


   Skills:
 + Level 3.3 Fighting
 * Level 3.2 Long Blades
 + Level 1.3 Throwing
 + Level 3.3 Dodging
 + Level 1.8 Stealth
 + Level 3.3 Shields
 + Level 1.2 Unarmed Combat


You had 4 spell levels left.
You didn't know any spells.
Your spell library was empty.

Dungeon Overview and Level Annotations

Branches:
Dungeon (2/15)

Altars:
Yredelemnul


Innate Abilities, Weirdness & Mutations

You cannot wear most types of armour.
You are very stealthy in the water. (Stealth+)
You are amphibious.
You can wear up to eight rings at the same time.
You can use your tentacles to constrict eight enemies at once.
Your skin changes colour to match your surroundings (Stealth+).
Your rubbery body absorbs attacks. (AC +1, EV +1)
You are partially covered in iridescent scales. (AC +2)
You possess an exceptional clarity of mind.
Your muscles are strong. (Str +2)
Your spells are a little easier to cast, but a little less powerful.


Message History

Unknown command.
You slash the scorpion! You grab the scorpion. You squeeze the scorpion.
You kill the scorpion!
Your Long Blades skill increases to level 3!
You have reached level 5!
You feel stronger.
A magic dart appears from out of thin air!
The magic dart hits you!
You completely miss the orc. You grab the orc. You constrict the orc.
Something hits you. You block the orc's attack.
Unknown command.
As you read the scroll labeled AGEMICZ ENNA, it crumbles to dust.
The creatures around you are filled with an inner flame!
It was a scroll of immolation.
Flame seeps out of the orc.
You constrict the orc. Something hits you but does no damage.
The orc is engulfed in blazing flames.
The orc explodes!
The fiery explosion engulfs something!
The fiery explosion engulfs you!!!
Ouch! That really hurt!
You die...

***,,,*.....##,,,,,,,
#####+#......[,,,,,**
#..#..#.......,,,,**
#............?,,,,,**
##..##.........,,,*,**
##....##.†......,,,*,**
##....§##g.......,,,,,,,
#.....§○§og......,,,,,,*
##....§@#g.....o.,,,,,,*
###..#####s.....,,,,,,,
#...***,..o>..,,,*,,,
##.!#*,,..g...,,,***,
##..,,,,.....*,,**,,
**...,,,gg...*,,,*,,
*,,,,,,,,,,,,,,,,,,*
**,**,,,,,,,>,**,*,,,
*,,,,,,,*,,*,,**,,,,,


You could see an orc wizard (inner flame) and 2 gnolls.

Vanquished Creatures
  A scorpion (D:4)
  A gnoll (D:4)
  An adder (D:2)
  An ooze (D:2)
  A worm (D:2)
  2 dart slugs (D:1)
  2 leopard geckos
  An orc (D:4)
  4 bats
  2 giant cockroaches (D:1)
  5 goblins
  3 hobgoblins
  2 jackals (D:4)
  2 frilled lizards
  4 kobolds (D:1)
  5 rats
37 creatures vanquished.

Notes
Turn   | Place    | Note
-------+----------+-------------------------------------------
     0 | D:1      | smeego the Octopode Fighter began the quest for the Orb.
     0 | D:1      | Reached XP level 1. HP: 16/16 MP: 1/1
    15 | D:1      | Reached XP level 2. HP: 18/21 MP: 2/2
   400 | D:1      | Reached skill level 1 in Stealth
   400 | D:1      | Reached XP level 3. HP: 24/26 MP: 3/3
   830 | D:2      | Gained mutation: Your muscles are strong. (Str +2) [potion
                  | of mutation]
   830 | D:2      | Gained mutation: You possess an exceptional clarity of
                  | mind. [potion of mutation]
   830 | D:2      | Gained mutation: Your spells are a little easier to cast,
                  | but a little less powerful. [potion of mutation]
   830 | D:2      | Gained mutation: You are partially covered in iridescent
                  | scales. (AC +2) [potion of mutation]
   836 | D:2      | Reached skill level 1 in Throwing
  1212 | D:2      | Found a basalt altar of Yredelemnul.
  1314 | D:2      | Reached skill level 1 in Unarmed Combat
  1356 | D:2      | You fall into a shaft and drop 2 floors!
  1370 | D:4      | Noticed a phantom
  1631 | D:4      | Noticed a scorpion
  1641 | D:4      | Reached XP level 4. HP: 25/31 MP: 4/4
  1646 | D:4      | Reached XP level 5. HP: 30/36 MP: 5/5
  1648 | D:4      | Killed from afar by an orc wizard

Illustrated notes

Levels and vault maps discovered:
D:1:      dpeg_arrival_pits, layout_rooms, minivault_5, grunt_decor_clamped
D:2:      layout_basic, zin_statuary, nicolae_overflow_crystal_walls, trog_book
D:4:      layout_cave_pools, regret_index_temple_of_mockery

Skill      XL: |  1  2  3  4 |
---------------+-------------+-----
Stealth        | 1 |  1.8
Throwing       | 1 |  1.3
Unarmed Combat | 1 |  1.2
Long Blades    | 3 |  3.2
Fighting       | |  3.3
Dodging        | |  3.3
Shields        | |  3.3

Action                   |  1- 3 |  4- 6 || total
-------------------------+-------+-------++-------
Melee: Long sword        |    61 |     5 ||    66
       Tentacles         |    10 |     1 ||    11
       Constrict         |    16 |     3 ||    19
  Use: Potion            |     4 |     1 ||     5
       Scroll            |     4 |     1 ||     5
 Stab: Sleeping          |     8 |       ||     8
Armor: Skin              |    10 |     1 ||    11
Dodge: Dodged            |    29 |     3 ||    32
Block: Kite shield       |    28 |     2 ||    30
       Rpst.: Long sword |    12 |     1 ||    13

Table legend: (Time is in decaauts)
 A = Elapsed time spent in this place.
 B = Non-inter-level travel time spent in this place.
 C = Inter-level travel time spent in this place.
 D = Time resting spent in this place.
 E = Time spent auto-exploring this place.
 F = Levels seen in this place.
 G = Mean time per level.
                   A        B        C        D        E       F      G
               +--------+--------+--------+--------+--------+-----+--------+
         Total |   1668 |   1617 |     51 |    451 |    902 |   3 |  556.0 |
       Dungeon |   1668 |   1617 |     51 |    451 |    902 |   3 |  556.0 |
               +--------+--------+--------+--------+--------+-----+--------+

Top non-repeatable levels by time:
     D:1: 831 daAuts
     D:2: 539 daAuts
     D:4: 296 daAuts
